 Dungeon Crawl Stone Soup version 0.24-a0-613-g1ff6aac338 (webtiles) character file.

Game seed: 10253751765293109493, levelgen mode: deterministic

11 Hempel the Sneak (level 2, 0/19 HPs)
             Began as a Vampire Enchanter on Sept 11, 2019.
             Slain by a jackal (1 damage)
             ... on level 1 of the Dungeon.
             The game lasted 00:05:14 (333 turns).

Hempel the Sneak (Vampire Enchanter)                 Turns: 333, Time: 00:05:15

Health: 0/19       AC:  2    Str:  7    XL:     2   Next: 13%
Magic:  5/5        EV: 13    Int: 17    God:
Gold:   17         SH:  0    Dex: 14    Spells: 4/5 levels left

rFire    . . .     SeeInvis +   a - +1 dagger
rCold    . . .     Gourm    .   (no shield)
rNeg     . . .     Faith    .   b - +0 robe
rPois    .         Spirit   .   (no helmet)
rElec    .         Reflect  .   (no cloak)
rCorr    .         Harm     .   (no gloves)
MR       .....                  (no boots)
Stlth    +++.......             (no amulet)
HPRegen  0.26/turn              (no ring)
MPRegen  0.09/turn              (no ring)

@: regenerating quickly
A: no food, fangs 3, see invisible, unbreathing
a: Exsanguinate


You were on level 1 of the Dungeon.
You were alive.

You visited 1 branch of the dungeon, and saw 1 of its levels.

You collected 17 gold pieces.

Inventory:

Hand Weapons
 a - a +1 dagger (weapon)
 d - a +0 club
   (You took it off a hobgoblin on level 1 of the Dungeon)
Armour
 b - a +0 robe (worn)
 e - a +1 helmet
   (You found it on level 1 of the Dungeon)
Potions
 c - a potion of berserk rage {unknown}


   Skills:
 * Level 1.4 Short Blades
 * Level 2.4 Dodging
 * Level 4.6 Stealth
 * Level 2.1 Spellcasting
 * Level 4.6 Hexes


You had 4 spell levels left.
You knew the following spells:

 Your Spells              Type           Power        Failure   Level  Hunger
a - Corona                Hex            ###....      3%          1    N/A

Your spell library contained the following spells:

 Spells                   Type           Power        Failure   Level  Hunger
 Confuse                  Hex            ###.....     9%          3    N/A
 Tukima's Dance           Hex            ###.....     9%          3    N/A
 Ensorcelled Hibernation  Hex/Ice        #.....       11%         2    N/A
 Dazzling Spray           Conj/Hex       #.....       22%         3    N/A

Dungeon Overview and Level Annotations

Branches:
Dungeon (1/15)

Altars:


Innate Abilities, Weirdness & Mutations

You do not eat.
Your natural rate of healing is unusually fast.
You have razor-sharp teeth.
You have supernaturally acute eyesight. (SInv)
You can survive without breathing.


Message History

The jackal barely misses you. The jackal bites you. The jackal misses you.
The jackal bites you. The jackal closely misses you.
You closely miss the jackal. The jackal barely misses you.
The jackal completely misses you. The jackal bites you.
The jackal barely misses you.
The jackal bites you but does no damage.
A kobold comes into view.
The jackal misses you. The jackal barely misses you.
The jackal closely misses you.
The jackal barks!
You hear a shout!
You barely miss the jackal. The jackal misses you.
The jackal closely misses you.
A leopard gecko comes into view.
The jackal barely misses you.
You closely miss the jackal.
The jackal stops to sniff the ground.
The jackal barely misses you.
The jackal bites you but does no damage.
The jackal bites you. The jackal barely misses you.
You hit the jackal. The jackal bites you. The jackal completely misses you.
The jackal bites you.
* * * LOW HITPOINT WARNING * * *
The jackal bites you.
* * * LOW HITPOINT WARNING * * *
The jackal closely misses you. The jackal bites you.
* * * LOW HITPOINT WARNING * * *
The jackal closely misses you.
You hit the jackal. The jackal misses you. The jackal bites you.
* * * LOW HITPOINT WARNING * * *
The jackal closely misses you. The jackal bites you.
* * * LOW HITPOINT WARNING * * *
There is an open door, spattered with blood here.
Things that are here:
a +0 short sword; a kobold skeleton
There is a fountain of clear blue water here.
There isn't anything here!
You hit the jackal but do no damage. The jackal bites you.
* * * LOW HITPOINT WARNING * * *
You hit the jackal but do no damage. The jackal misses you.
Unknown command.
You hit the jackal. The jackal barely misses you.
You hit the jackal but do no damage.
The jackal stops to sniff the ground.
The jackal barely misses you.
You barely miss the jackal. The jackal bites you.
* * * LOW HITPOINT WARNING * * *
The jackal bites you.
You die...

.............###.........#
....###...........##.....#
...........8......(......#
..l.....##...##.....>..###
......#..##.##........####
......##l.#+#.......†.+..#
......##..#+#.........##.#
.###..#.h##⌠##...........#
##.#Khh@<⌠+...........#
#.#..##⌠##...........# ..
#.#...#+#..#.........# ...
#.....#+#..##........# ....
##...##.##..####+###†#
....####).##...##.......##.#
.......#.....8.............#
.......#...................#
.........######............#


You could see 3 jackals and a kobold.

Vanquished Creatures
  A dart slug (D:1)
  A goblin (D:1)
  3 hobgoblins (D:1)
  A frilled lizard (D:1)
  A kobold (D:1)
  2 rats (D:1)
9 creatures vanquished.

Notes
Turn   | Place    | Note
-------+----------+-------------------------------------------
     0 | D:1      | Hempel the Vampire Enchanter began the quest for the Orb.
     0 | D:1      | Reached XP level 1. HP: 13/13 MP: 3/3
   254 | D:1      | Reached XP level 2. HP: 12/19 MP: 5/5
   333 | D:1      | Slain by a jackal

Levels and vault maps discovered:
D:1:      grunt_arrival_crossed_arrows, layout_basic

Action                   || total
-------------------------++-------
Melee: Dagger            ||    46
       Bite              ||     4
 Stab: Sleeping          ||     1
Armor: Robe              ||    12
Dodge: Dodged            ||    60

Table legend:
 A = Non-vault XP
 B = Vault XP
 C = Vault XP percentage of total XP
 D = Non-vault monster count
 E = Vault monster count
 F = Vault count percentage of total count
                 A         B        C        D         E       F
            +---------+---------+-------+---------+---------+-------
      Total |      16 |       0 |   0.0 |       9 |       0 |   0.0
            +---------+---------+-------+---------+---------+-------
        D:1 |      16 |       0 |   0.0 |       9 |       0 |   0.0
            +---------+---------+-------+---------+---------+-------
